 Dungeon Crawl Stone Soup version 0.29-a0-878-g7b45a56547 (webtiles) character file.

Game seed: 4484261051286164812

324 Locuples the Magician (level 6, 0/28 (32) HPs)
             Began as a Deep Elf Earth Elementalist on July 15, 2022.
             Was an Initiate of Vehumet.
             Slain by a goblin
             ... wielding a +0 club
             ... led by Robin
              (3 damage)
             ... on level 4 of the Dungeon on July 20, 2022.
             The game lasted 00:13:32 (3069 turns).

Locuples the Magician (Deep Elf Earth Elementalist) Turns: 3069, Time: 00:13:33

HP:   0/28 (32)     AC:  4    Str:  7    XL:     6   Next: 23%
MP:   16/17         EV: 12    Int: 28    God:    Vehumet [......]
Gold: 166           SH:  0    Dex: 15    Spells: 17/18 levels left

rFire   + . .      SeeInvis .   a - staff of conjuration
rCold   . . .      Faith    .   (no shield)
rNeg    . . .      Spirit   .   i - +1 leather armour of Understanding {rF+ Str+2 Stlth-}
rPois   .          Reflect  .   (no helmet)
rElec   .          Harm     .   (no cloak)
rCorr   .          Rampage  .   (no gloves)
Will    .....                   (no boots)
Stlth   +.........              (no amulet)
HPRegen 0.09/turn               q - +6 ring of intelligence
MPRegen 0.15/turn               (no ring)

@: heavily drained
A: no striking features
a: Renounce Religion


You were on level 4 of the Dungeon.
You worshipped Vehumet.
Vehumet was noncommittal.
You visited 2 branches of the dungeon, and saw 5 of its levels.

You collected 166 gold pieces.

Inventory:

Armour
 h - a +2 cloak
 i - the +1 leather armour of Understanding (worn) {rF+ Str+2 Stlth-}
   (You found it on level 2 of the Dungeon)

   Str:       It affects your strength (+2).
   rF:        It protects you from fire.
   Stlth:     It makes you less stealthy.
Magical Staves
 a - a staff of conjuration (weapon)
Jewellery
 q - a +6 ring of intelligence (left hand)
Scrolls
 d - 4 scrolls of enchant armour
 g - 2 scrolls of teleportation
 j - a scroll of poison {unknown}
 k - a scroll of immolation {unknown}
 l - a scroll of noise {unknown}
 m - a scroll of blinking {unknown}
 n - a scroll of acquirement {unknown}
 t - 2 scrolls of vulnerability {unknown}
 u - a scroll of amnesia {unknown}
Potions
 b - a potion of magic
 c - a potion of lignification
 e - a potion of heal wounds {unknown}
 f - a potion of ambrosia {unknown}
 o - a potion of berserk rage {unknown}
 p - 4 potions of curing
 r - a potion of haste {unknown}
 s - a potion of attraction {unknown}
 v - 4 potions of brilliance


   Skills:
 - Level 2.5 Dodging
 - Level 2.6 Stealth
 * Level 6.5 Spellcasting
 + Level 1.1 Transmutations
 * Level 5.8 Earth Magic


You had 17 spell levels left.
You knew the following spells:

 Your Spells              Type           Power      Damage    Failure   Level
a - Sandblast             Erth           84%        2d18      1%          1

Your spell library contained the following spells:

 Spells                   Type           Power      Damage    Failure   Level
 Passwall                 Tmut/Erth      23%        N/A       3%          2
 Beastly Appendage        Tmut           30%        N/A       5%          1
 Stone Arrow              Conj/Erth      76%        3d11      8%          3
 Wereblood                Tmut           15%        N/A       9%          2
 Ensorcelled Hibernation  Hex/Ice        18%        N/A       13%         2
 Spider Form              Tmut/Pois      12%        N/A       21%         3
 Petrify                  Tmut/Erth      28%        N/A       21%         4
 Sticky Flame             Conj/Fire      13%        2d4       65%         4
 Ignition                 Fire           4%         3d4       100%        8


Dungeon Overview and Level Annotations

Branches:
Dungeon (4/15)             Temple (1/1) D:4

Altars:
Ashenzari
Cheibriados
Dithmenos
Elyvilon
Fedhas
Gozag
Hepliaklqana
Kikubaaqudgha
Makhleb
Nemelex Xobeh
Okawaru
Qazlal
Ru
Sif Muna
Trog
Vehumet
Xom
Yredelemnul
Zin
The Shining One

Annotations:
D:4 Menkaure, Robin


Message History

The goblin hits you with a +0 club. x2; The goblin closely misses you.
The goblin misses you. The goblin attacks as you move away!
The goblin closely misses you.
A goblin comes into view. It is wielding a +0 dagger.
The goblin hits you but does no damage.
Your magical contamination has completely faded away.
The goblin attacks as you move away! The goblin hits you but does no damage.
The goblin attacks as you move away! The goblin hits you with a +0 club.
The goblin attacks as you move away! The goblin closely misses you.
The goblin attacks as you move away! The goblin barely misses you.
The goblin attacks as you move away! The goblin barely misses you.
Robin throws the goblin at you! The goblin closely misses you.
The goblin attacks as you move away! The goblin hits you with a +0 club.
The goblin completely misses you. The goblin attacks as you move away!
The goblin hits you with a +0 club. The goblin attacks as you move away!
The goblin misses you. The goblin attacks as you move away!
The goblin hits you but does no damage. The goblin attacks as you move away!
The goblin closely misses you. The goblin attacks as you move away!
The goblin hits you with a +0 club. The goblin attacks as you move away!
The goblin barely misses you. The goblin attacks as you move away!
The goblin hits you with a +0 club.
* * * LOW HITPOINT WARNING * * *
The goblin attacks as you move away! The goblin hits you but does no damage.
The goblin attacks as you move away! The goblin hits you but does no damage.
Menkaure, Prince of Dust comes into view.
Casting: Sandblast (safe; 1% risk of failure)
Confirm with . or Enter, or press ? or * to list all spells.
Aiming: Sandblast (safe; 1% risk of failure)
Press: ? - help, Shift-Dir - straight line, f/p - goblin
Aim: a goblin, wielding a +0 club (79% to hit)
The blast of sand misses the goblin.
The blast of sand hits the goblin!
You kill the goblin!
Vehumet accepts your kill. The goblin misses you.
Robin roars a battlecry!
The goblins go into a battle-frenzy!
The goblin hits you with a +0 club.
* * * LOW HITPOINT WARNING * * *
The goblin hits you with a +0 club.
You die...

#.........#._.#.#.....#
####...##.......###...#
############## #..#
#..# #### ..#
######..####### .#
#........g....###
.........g...g.g###
............gggg@.#
###.....########.....#
####### ###......
#M.... #.... .... ...
..


You could see Menkaure, Robin, a hobgoblin (strong) and 6 goblins.

Vanquished Creatures
  2 hounds (D:4)
  2 orc priests (D:4)
  2 orc wizards
  6 adders
  2 worms
  4 dart slugs
  11 orcs
  8 ball pythons
  7 bats
  9 endoplasms
  3 giant cockroaches
  7 goblins
  5 hobgoblins
  2 jackals (D:2)
  4 kobolds
  A quokka (D:4)
  3 frilled lizards
  3 rats
81 creatures vanquished.

Notes
Turn   | Place    | Note
-------+----------+-------------------------------------------
     0 | D:1      | Locuples the Deep Elf Earth Elementalist began the quest
                  | for the Orb.
     0 | D:1      | Reached XP level 1. HP: 10/10 MP: 6/6
   115 | D:1      | Found a faded altar of an unknown god.
   262 | D:1      | Reached XP level 2. HP: 1/15 MP: 4/8
   660 | D:1      | You fall into a shaft and drop 1 floor!
   773 | D:2      | Identified the +1 leather armour of Understanding {rF+
                  | Str+2 Stlth-}
  1023 | D:2      | Reached XP level 3. HP: 19/19 MP: 7/10
  1101 | D:2      | Got the Textbook on the Winter and Ignition
  1145 | D:2      | Reached skill level 4 in Spellcasting
  1595 | D:3      | Found a shimmering blue altar of Sif Muna.
  1685 | D:3      | Reached XP level 4. HP: 24/24 MP: 9/12
  2072 | D:3      | Found a blossoming altar of Fedhas.
  2156 | D:3      | Reached skill level 5 in Spellcasting
  2348 | D:4      | Found an ancient bone altar of Kikubaaqudgha.
  2376 | D:4      | Reached skill level 5 in Earth Magic
  2397 | D:4      | Found a staircase to the Ecumenical Temple.
  2412 | Temple   | Entered the Ecumenical Temple
  2429 | Temple   | Became a worshipper of Vehumet
  2537 | D:4      | Found a bloodstained altar of Trog.
  2543 | D:4      | Reached XP level 5. HP: 28/28 MP: 12/14
  2673 | D:4      | Reached skill level 6 in Spellcasting
  2792 | D:4      | Reached XP level 6. HP: 32/32 MP: 13/17
  2992 | D:4      | Upgraded the game from 0.29-a0-844-ge8845773e3 to
                  | 0.29-a0-878-g7b45a56547
  3040 | D:4      | Noticed Robin
  3067 | D:4      | Noticed Menkaure
  3069 | D:4      | Slain by a goblin

Illustrated notes

Levels and vault maps discovered:
D:1:      minmay_arrival_split_and_join, layout_basic,
          chequers_ecumenical_altar_simple
D:2:      layout_basic, hangedman_glass_teeth
D:3:      layout_loops_ring, old_standard_altar, overflow_temple_1_default
D:4:      minmay_recursive_quarters, layout_layer_cave, lemuel_round_altar,
          old_standard_altar, mainiacjoe_overflow_tiny_flanked,
          minmay_temple_entry_crystal_x, uniq_menkaure, uniq_robin
Temple:   nicolae_temple_superstar

Skill      XL: |  1  2  3  4  5 |
---------------+----------------+-----
Earth Magic    | 4 5 |  5.8
Spellcasting   | 4 5 6 |  6.5
Dodging        | |  2.5
Stealth        | |  2.6
Transmutations | |  1.1

Action                   |  1- 3 |  4- 6 || total
-------------------------+-------+-------++-------
 Cast: Sandblast         |    49 |    57 ||   106
  Use: Scroll            |     1 |     4 ||     5
Armor: Robe              |     4 |       ||     4
       Leather armour    |     2 |    17 ||    19
Dodge: Dodged            |    21 |    31 ||    52

Table legend: (Time is in decaauts)
 A = Elapsed time spent in this place.
 B = Non-inter-level travel time spent in this place.
 C = Inter-level travel time spent in this place.
 D = Time resting spent in this place.
 E = Time spent auto-exploring this place.
 F = Levels seen in this place.
 G = Mean time per level.
                   A        B        C        D        E       F      G
               +--------+--------+--------+--------+--------+-----+--------+
         Total |   3175 |   3139 |     36 |    404 |   2063 |   5 |  635.0 |
       Dungeon |   3064 |   3028 |     36 |    404 |   1998 |   4 |  766.0 |
        Temple |    110 |    110 |      0 |      0 |     65 |   1 |  110.0 |
               +--------+--------+--------+--------+--------+-----+--------+

Top non-repeatable levels by time:
     D:3: 991 daAuts
     D:2: 754 daAuts
     D:1: 673 daAuts
     D:4: 646 daAuts
  Temple: 110 daAuts
